 Dungeon Crawl Stone Soup version 0.27-a0-1188-g73eefd5def (webtiles) character file.

Game seed: 4385112380791092459

32 leviel the Firebug (level 3, -2/24 HPs)
             Began as a Demonspawn Fire Elementalist on May 21, 2021.
             Slain by Terence
             ... wielding a +0 trident
              (10 damage)
             ... on level 2 of the Dungeon.
             The game lasted 00:04:21 (1177 turns).

leviel the Firebug (Demonspawn Fire Elementalist)   Turns: 1177, Time: 00:04:22

Health: -2/24      AC:  2    Str:  8    XL:     3   Next: 8%
Magic:  2/6        EV: 12    Int: 17    God:
Gold:   3          SH:  0    Dex: 15    Spells: 5/6 levels left

rFire    . . .     SeeInvis .   (no weapon)
rCold    . . .     Faith    .   (no shield)
rNeg     . . .     Spirit   .   a - +0 robe
rPois    .         Reflect  .   (no helmet)
rElec    .         Harm     .   (no cloak)
rCorr    .         Rampage  .   (no gloves)
Will     .....                  (no boots)
Stlth    +++.......             (no amulet)
HPRegen  0.08/turn              (no ring)
MPRegen  0.10/turn              (no ring)

@: very slightly contaminated
A: claws 1, thin skeletal structure 1
a: no special abilities


You were on level 2 of the Dungeon.
You visited 1 branch of the dungeon, and saw 2 of its levels.

You collected 3 gold pieces.

Inventory:

Armour
 a - a +0 robe (worn)
Scrolls
 c - a scroll of blinking {unknown}
 d - a scroll of identify {unknown}
 f - a scroll of enchant weapon {unknown}
Potions
 b - a potion of berserk rage {unknown}
 e - 2 potions of heal wounds {unknown}
 g - a potion of magic {unknown}


   Skills:
 + Level 2.2 Dodging
 + Level 2.1 Stealth
 * Level 2.2 Spellcasting
 + Level 1.0 Conjurations
 + Level 0.3 Hexes
 + Level 0.0 Summonings
 + Level 0.0 Necromancy
 + Level 0.2 Translocations
 + Level 0.0 Transmutations
 + Level 3.0 Fire Magic
 + Level 0.0 Ice Magic
 + Level 0.1 Air Magic
 + Level 0.3 Earth Magic
 + Level 0.0 Poison Magic


You had 5 spell levels left.
You knew the following spells:

 Your Spells              Type           Power      Damage    Failure   Level
a - Foxfire               Conj/Fire      32%        2x1d5     9%          1

Your spell library contained the following spells:

 Spells                   Type           Power      Damage    Failure   Level
 Conjure Flame            Conj/Fire      8%         6-21      26%         3
 Inner Flame              Hex/Fire       7%         N/A       28%         3
 Confusing Touch          Hex            2%         N/A       45%         3
 Gell's Gravitas          Tloc           1%         N/A       45%         3
 Sticky Flame             Conj/Fire      8%         2d3       63%         4
 Petrify                  Tmut/Erth      2%         N/A       87%         4
 Fireball                 Conj/Fire      4%         3d4       93%         5
 Metabolic Englaciation   Hex/Ice        1%         N/A       99%         5
 Yara's Violent Unravell  Hex/Tmut       1%         3d3       99%         5


Dungeon Overview and Level Annotations

Branches:
Dungeon (2/15)

Altars:

Annotations:
D:2 Terence


Innate Abilities, Weirdness & Mutations

You have sharp fingernails.
You have a somewhat thin skeletal structure. (Dex +2, Stealth+)


Message History

You climb downwards.
A goblin and a kobold come into view.
There is a stone staircase leading up here.
You conjure some foxfire!
The goblin shouts!
The goblin hits you with a +0 club.
The kobold shouts!
The foxfire hits the goblin.
The goblin is severely wounded.
The foxfire hits the goblin.
You kill the goblin!
The kobold throws a stone.
The stone hits you.
You conjure some foxfire!
The foxfire hits the kobold.
The kobold is moderately wounded.
A bat comes into view.
The foxfire hits the kobold.
You kill the kobold!
You conjure some foxfire!
The bat hits you but does no damage.
The foxfire hits the bat.
You kill the bat!
Terence the Incautious comes into view.
He is wielding a +0 trident.
You conjure some foxfire!
The foxfire hits Terence.
Terence is moderately wounded.
Terence closely misses you.
Your foxfire dissipates!
The foxfire hits Terence.
Terence is heavily wounded.
Terence hits you from afar with a +0 trident!
Found an escape hatch in the ceiling.
Terence says, "How do you enjoy it?"
Things that are here:
a +0 whip; 5 stones; a kobold corpse You miscast Foxfire.
You are very lightly contaminated with residual magic.
Nothing appears to happen.
Terence barely misses you.
Terence hits you from afar with a +0 trident.
There is an escape hatch in the ceiling here.
Terence hits you from afar with a +0 trident!
You die...

##### ...#
.######.######.##.#
.......).@.@.......
#.#####.######..#.#
......)<.# ...
#.###.#### . ...
#.# #. #


You could see Terence.

Vanquished Creatures
  A dart slug (D:1)
  2 ball pythons (D:1)
  6 endoplasms (D:1)
  4 goblins
  3 hobgoblins (D:1)
  A quokka (D:1)
  A bat (D:2)
  2 frilled lizards (D:1)
  2 kobolds
  5 rats (D:1)
27 creatures vanquished.

Vanquished Creatures (others)
  65 foxfires
65 creatures vanquished.

Grand Total: 92 creatures vanquished

Notes
Turn   | Place    | Note
-------+----------+-------------------------------------------
     0 | D:1      | leviel the Demonspawn Fire Elementalist began the quest for
                  | the Orb.
     0 | D:1      | Reached XP level 1. HP: 13/13 MP: 3/3
   232 | D:1      | Gained mutation: You have sharp fingernails. [demonic
                  | ancestry]
   232 | D:1      | Reached XP level 2. HP: 19/19 MP: 3/5
   371 | D:1      | Found a faded altar of an unknown god.
   532 | D:1      | Reached skill level 3 in Fire Magic
   904 | D:1      | Gained mutation: You have a somewhat thin skeletal
                  | structure. (Dex +2, Stealth+) [demonic ancestry]
   904 | D:1      | Reached XP level 3. HP: 24/24 MP: 1/6
  1168 | D:2      | Noticed Terence
  1177 | D:2      | Slain by Terence

Illustrated notes

Levels and vault maps discovered:
D:1:      ncdulo_halloftheorcs, layout_basic,
          hellmonk_ecumenical_altar_pennies_from_heaven,
          minmay_indecisive_spiral
D:2:      layout_basic, uniq_terence, uniq_sigmund, uniq_crazy_yiuf_cottage

Skill      XL: |  1  2 |
---------------+-------+-----
Dodging        | 2 |  2.2
Stealth        | 2 |  2.1
Fire Magic     | 3 |  3.0
Spellcasting   | |  2.2
Conjurations   | |  1.0
Hexes          | |  0.3
Translocations | |  0.2
Air Magic      | |  0.1
Earth Magic    | |  0.3

Action                   || total
-------------------------++-------
 Cast: Foxfire           ||    44
Armor: Robe              ||     4
Dodge: Dodged            ||     6

Table legend: (Time is in decaauts)
 A = Elapsed time spent in this place.
 B = Non-inter-level travel time spent in this place.
 C = Inter-level travel time spent in this place.
 D = Time resting spent in this place.
 E = Time spent auto-exploring this place.
 F = Levels seen in this place.
 G = Mean time per level.
                   A        B        C        D        E       F      G
               +--------+--------+--------+--------+--------+-----+--------+
         Total |   1177 |   1140 |     37 |      0 |    950 |   2 |  588.5 |
       Dungeon |   1177 |   1140 |     37 |      0 |    950 |   2 |  588.5 |
               +--------+--------+--------+--------+--------+-----+--------+

Top non-repeatable levels by time:
     D:1: 1163 daAuts
     D:2: 14 daAuts
